cohdb
Replays
Latest Replays
All Replays
Popular Replays
Top Player Replays
Match Explorer
How It Works
Community
CoH3 Stats
Reddit
Sign in to upload your games and track your stats! →
Sign in with Steam
Match 43435486
Unlisted
Match 43435486
Overview
Messages
Build Orders
End
Kradschützen Motorcycle Team
Panzergrenadier Squad
250 Light Carrier
Construct Light Support Kompanie
Combat Half-tracks
Panzergrenadier Squad
Fire Support Elements
Vehicle Survival Package
Selects Panzerjäger Kommand Battlegroup
Selects Mine Fields
Panzerjäger Mechanized Group
Veteran Squad Leaders
2.5-tonne Medical Truck
Selects Defensive Positions
Selects Tank Busters
Selects Tank Busters
Construct Panzerarmee Kommand
Armored Reserves
Emergency Repair Kits
Rapid Advance
็็็็็็็็็็
Vegetable chicken
追坦克的喵
Lyzrinn
Cjoffrey
Mowgli01
0
0
Comments
sign in to comment!
No comments posted yet!